 Dungeon Crawl Stone Soup version 0.17-a0-1650-gce8475a (webtiles) character file.

82 urechis the Chiller (level 4, 0/30 HPs)
             Began as a Merfolk Ice Elementalist on Aug 13, 2015.
             Was an Initiate of Yredelemnul.
             Succumbed to an adder's poison
             ... on level 2 of the Dungeon.
             The game lasted 00:03:56 (1860 turns).

urechis the Chiller (Merfolk Ice Elementalist)      Turns: 1860, Time: 00:03:56

Health: 0/30       AC:  4    Str:  8      XL:     4   Next: 43%
Magic:  1/9        EV: 18    Int: 12 (14) God:    Yredelemnul [......]
Gold:   90         SH:  0    Dex: 20      Spells: 1 memorised, 9 levels left

rFire  . . .     SeeInvis .     o - +2 dagger (venom)
rCold  . . .     Clarity  .     a - +0 robe
rNeg   . . .     SustAt   .     (no shield)
rPois  .         Gourm    +     (no helmet)
rElec  .         Spirit   .     (no cloak)
rCorr  .         Warding  .     (no gloves)
rMut   .         Stasis   .     g - +1 pair of boots
MR     +....                    q - amulet of the gourmand
Stlth  +++.......               (no ring)
                                (no ring)

@: agile, lethally poisoned (0 -> -5), somewhat resistant to hostile
enchantments, fairly stealthy
A: change form in water, swift swim, magic resistance 1
a: Renounce Religion


You were on level 2 of the Dungeon.
You worshipped Yredelemnul.
Yredelemnul was noncommittal.
You were not hungry.

You visited 1 branch of the dungeon, and saw 2 of its levels.

You collected 90 gold pieces.

Inventory:

Hand weapons
 o - a +2 dagger of venom (weapon)
Armour
 a - a +0 robe (worn)
 g - a +1 pair of boots (worn)
Jewellery
 q - an amulet of the gourmand (around neck)
Scrolls
 e - a scroll of blinking {unknown}
 h - a scroll of enchant armour {unknown}
 i - a scroll of fear {unknown}
 j - a scroll of enchant weapon {unknown}
 k - a scroll of recharging {unknown}
 l - 4 scrolls of remove curse {unknown}
 n - a scroll of teleportation {unknown}
 r - 7 scrolls of identify {unknown}
Books
 b - a book of Frost

   Spells                             Type                      Level
   a - Freeze                         Ice                          1
   b - Throw Frost                    Conjuration/Ice              2
   c - Ozocubu's Armour               Charms/Ice                   3
   d - Throw Icicle                   Conjuration/Ice              4
   e - Summon Ice Beast               Ice/Summoning                4
   f - Condensation Shield            Ice                          4
Comestibles
 c - 2 bread rations
 f - 3 fruits
 m - a meat ration


   Skills:
 - Level 2.6 Dodging
 - Level 2.1 Stealth
 * Level 3.6 Spellcasting
   Level 0.7 Conjurations
 + Level 4.1 Ice Magic


You had 9 spell levels left.
You knew the following spells:

 Your Spells              Type           Power        Failure   Level  Hunger
a - Freeze                Ice            ##..         4%          1    #......


Dungeon Overview and Level Annotations

Branches:
Dungeon (2/15)

Altars:
Yredelemnul


Innate Abilities, Weirdness & Mutations

You revert to your normal form in water.
You are very nimble and swift while swimming.
You are resistant to hostile enchantments.


Message History

Drink which item? (? for menu, Esc to quit)
It was a potion of beneficial mutation.
You feel resistant to hostile enchantments.
You feel fantastic! The adder bites you.
* * * LOW HITPOINT WARNING * * *
The adder completely misses you.
You are too injured to fight recklessly!
You are too injured to fight recklessly!
You hit the adder.
The adder is poisoned.
The adder is heavily wounded.
* * * LOW HITPOINT WARNING * * *
You feel sick. The adder completely misses you.
You hit the adder.
The adder looks even sicker.
The adder is almost dead.
You kill the adder!
Yredelemnul accepts your kill.
* * * LOW HITPOINT WARNING * * *
You feel sick.
You die...
Your body rises from the dead as a mindless zombie.

##### #........ ### #...#
#........ .... #...#
#........ .....
####...#####........
......##.........###....###
.>....)..........# #.#.##
......#w.........###.#.#
..... ##.......#.......####
#.## ###@..........###..# #
##............#..#
#####.>..........
#............ #..#.........
## ## #............
..##...............
#..#.##..#.......#.
#...<...######.)##


You could see a worm.

Vanquished Creatures
  4 adders (D:2)
  4 giant cockroaches
  12 goblins
  8 hobgoblins
  3 bats (D:1)
  A giant gecko (D:1)
  A giant newt (D:2)
  4 kobolds
  8 rats
45 creatures vanquished.

Notes
Turn   | Place    | Note
--------------------------------------------------------------
     0 | D:1      | urechis the Merfolk Ice Elementalist began the quest for the Orb.
     0 | D:1      | Reached XP level 1. HP: 13/13 MP: 3/3
   205 | D:1      | Reached XP level 2. HP: 14/19 MP: 0/5
  1057 | D:1      | Reached XP level 3. HP: 13/24 MP: 2/7
  1508 | D:2      | Found a basalt altar of Yredelemnul.
  1515 | D:2      | Became a worshipper of Yredelemnul the Dark
  1665 | D:2      | Reached skill level 4 in Ice Magic
  1665 | D:2      | Reached XP level 4. HP: 22/30 MP: 5/9
  1855 | D:2      | Gained mutation: You are resistant to hostile enchantments. [potion of beneficial mutation]
  1858 | D:2      | HP: 1/30 [poisoned by an adder]
  1860 | D:2      | Succumbed to an adder's poison

Vault maps used:
D:1:      sevenhm_arrival_forest_fort_large_4, interstate_on_off
D:2:      yredelemnul_altar_generic

Action                   |  1- 3 |  4- 6 || total
-------------------------+-------+-------++-------
Melee: Unarmed           |     6 |       ||     6
       Dagger            |    31 |     9 ||    40
 Cast: Freeze            |    51 |    12 ||    63
  Use: Potion            |     3 |     3 ||     6
 Stab: Sleeping          |     1 |     1 ||     2
  Eat: Chunk             |     3 |     1 ||     4
